 Dungeon Crawl Stone Soup version 0.27-a0-1448-g9c78c815f3 (webtiles) character file.

Game seed: 10978454571243611479

8470 Froggeryz the Basher (level 11, -5/86 HPs)
             Began as a Barachi Fighter on July 5, 2021.
             Slain by a gargoyle (18 damage)
             ... on level 11 of the Dungeon.
             The game lasted 00:16:59 (18233 turns).

Froggeryz the Basher (Barachi Fighter)             Turns: 18233, Time: 00:16:59

Health: -5/86      AC: 10    Str: 21    XL:     11   Next: 31%
Magic:  11/11      EV:  7    Int:  9    God:
Gold:   517        SH: 10    Dex: 11    Spells: 10/10 levels left

rFire    + . .     SeeInvis .   o - +0 whip (elec)
rCold    + . .     Faith    .   c - +0 kite shield
rNeg     . . .     Spirit   .   b - +0 scale mail
rPois    +         Reflect  .   m - +0 helmet
rElec    +         Harm     .   (no cloak)
rCorr    +         Rampage  .   (no gloves)
Will     .....                  l - +0 pair of boots
Stlth    ..........             f - amulet of the acrobat
HPRegen  0.24/turn              (no ring)
MPRegen  0.12/turn              (no ring)

@: brilliant, resistant, studying Axes, slow
A: amphibious, slowness 1, strong legs 1, +LOS
a: Hop


You were on level 11 of the Dungeon.
You visited 2 branches of the dungeon, and saw 12 of its levels.

You collected 517 gold pieces.

Inventory:

Hand Weapons
 a - a +0 flail of venom
 o - a +0 whip of electrocution (weapon)
Missiles
 p - 31 poisoned darts (quivered)
 x - 8 curare-tipped darts
 z - 7 boomerangs
Armour
 b - a +0 scale mail (worn)
 c - a +0 kite shield (worn)
 l - a +0 pair of boots (worn)
 m - a +0 helmet (worn)
Jewellery
 f - an amulet of the acrobat (around neck)
 t - a ring of ice
Wands
 d - a wand of polymorph (7)
 e - a wand of paralysis (9)
 q - a wand of charming (5)
 v - a wand of mindburst (3)
Scrolls
 h - 3 scrolls of teleportation
 i - 2 scrolls of enchant weapon
 k - a scroll of brand weapon
 n - 2 scrolls of fog
 w - a scroll of identify
 y - 2 scrolls of fear
 A - a scroll of immolation
Potions
 g - 2 potions of brilliance
 j - a potion of resistance
 r - a potion of attraction {unknown}
 s - a potion of haste {unknown}
 u - 2 potions of lignification {unknown}


   Skills:
 - Level 8.1 Fighting
 - Level 14.1 Maces & Flails
 - Level 6.0 Throwing
 + Level 7.8 Armour
 - Level 5.0 Shields


You had 10 spell levels left.
You didn't know any spells.
Your spell library contained the following spells:

 Spells                   Type           Power      Damage    Failure   Level
 Freeze                   Ice            0%         1d3       98%         1
 Magic Dart               Conj           0%         1d3       98%         1
 Sting                    Tmut/Pois      0%         1d3       98%         1
 Poisonous Vapours        Pois/Air       0%         N/A       99%         2
 Searing Ray              Conj           0%         3d3       99%         2
 Dazzling Flash           Conj/Hex       0%         N/A       100%        3
 Frozen Ramparts          Ice            0%         1d2       100%        3
 Fulminant Prism          Conj/Hex       0%         3d6       100%        4
 Hailstorm                Conj/Ice       0%         3d3       100%        4
 Olgreb's Toxic Radiance  Pois           0%         N/A       100%        4
 Agony                    Necr           0%         N/A       100%        5
 Silence                  Hex/Air        0%         N/A       100%        5


Dungeon Overview and Level Annotations

Branches:
Dungeon (11/15)            Temple (1/1) D:4            Lair (0/6) D:10
    Orc: D:9-12

Altars:
Ashenzari
Cheibriados
Dithmenos
Elyvilon
Fedhas
Gozag
Hepliaklqana
Kikubaaqudgha
Makhleb
Nemelex Xobeh
Qazlal
Ru
Sif Muna
Trog
Uskayaw
Vehumet
Wu Jian
Xom
Yredelemnul
Zin
The Shining One

Shops:
D:2 *   D:10 [

Annotations:
D:6 2 transporters, 2 runed translucent doors, Fama's ghost, novice MiAK


Innate Abilities, Weirdness & Mutations

You are amphibious.
You cover ground slowly.
You can hop short distances.
You have an extended range of vision and can be seen from far away.


Message History

You hear the crackle of electricity.
o - a +0 whip of electrocution (weapon)
The gargoyle closely misses you.
You hit the gargoyle but do no damage.
The gargoyle is lightly damaged.
You hit the gargoyle but do no damage.
The gargoyle is lightly damaged.
The gargoyle hurls a stone arrow at you.
The stone arrow hits you!
You barely miss the gargoyle.
The gargoyle is lightly damaged.
The gargoyle hits you with a +0 flail.
You hit the gargoyle but do no damage.
The gargoyle is lightly damaged.
You hit the gargoyle but do no damage.
The gargoyle is lightly damaged.
The gargoyle barely misses you.
You hit the gargoyle but do no damage.
The gargoyle is lightly damaged.
You block the gargoyle's attack.
Your shield prevents you from hitting the gargoyle.
The gargoyle is lightly damaged.
You closely miss the gargoyle.
The gargoyle is lightly damaged.
You block the gargoyle's attack.
You hit the gargoyle.
The gargoyle is moderately damaged.
The gargoyle hits you with a +0 flail!
* * * LOW HITPOINT WARNING * * *
You whack the gargoyle!
The gargoyle is heavily damaged.
You block the gargoyle's attack.
It was a potion of brilliance.
You feel clever all of a sudden. The gargoyle hits you with a +0 flail!
* * * LOW HITPOINT WARNING * * *
It was a potion of resistance.
You feel protected. The gargoyle hits you with a +0 flail!!
You die...

#######
#.....#
#..9..#
#..@..#
#.<...#
#.....#
+.....#
#.....#
##+####


You could see a gargoyle.

Vanquished Creatures
  2 two-headed ogres
  Pikel (D:6)
  2 trolls
  Grinder (D:6)
  The ghost of stripedtigrrr the Sneak, an amateur OpBr (D:5)
  Prince Ribbit (D:5)
  A meliai zombie (D:10)
  A shadow (D:9)
  7 yaks (D:9)
  A wyvern (D:9)
  Menkaure (D:5)
  3 steam dragons
  2 water moccasins
  3 orc warriors
  3 ice beasts
  A sky beast (D:5)
  2 black bears
  3 wolves (D:10)
  2 necrophages
  5 ogres
  4 centaurs
  A lemure (D:6)
  2 kobold brigands
  3 scorpions
  A gnoll sergeant (D:7)
  A water moccasin skeleton (D:4)
  3 killer bees
  A howler monkey (D:6)
  5 electric eels
  A bullfrog zombie (D:6)
  5 hounds
  6 orc priests
  2 centaur skeletons
  Ijyb (D:5)
  A bullfrog skeleton (D:7)
  5 orc wizards
  3 iguanas
  A killer bee zombie (D:7)
  A hound zombie (D:5)
  A howler monkey zombie (D:6)
  Robin (D:3)
  7 gnolls
  A howler monkey skeleton (D:6)
  3 adders (D:2)
  A shadow imp (D:3)
  A white imp (D:6)
  2 ufetubi
  7 worms
  A dart slug (D:4)
  30 orcs
  6 ball pythons
  5 endoplasms
  3 giant cockroaches
  14 goblins
  9 hobgoblins
  10 jackals
  14 kobolds
  2 quokkas (D:1)
  7 bats
  6 frilled lizards
  2 rats
223 creatures vanquished.

Vanquished Creatures (collateral kills)
  A howler monkey zombie (D:9)
  2 orcs (D:9)
3 creatures vanquished.

Vanquished Creatures (others)
  A lemure (D:6)
  6 plants
7 creatures vanquished.

Grand Total: 233 creatures vanquished

Notes
Turn   | Place    | Note
-------+----------+-------------------------------------------
     0 | D:1      | Froggeryz the Barachi Fighter began the quest for the Orb.
     0 | D:1      | Reached XP level 1. HP: 18/18 MP: 1/1
    80 | D:1      | Reached XP level 2. HP: 23/24 MP: 2/2
    93 | D:1      | Reached skill level 3 in Maces & Flails
   435 | D:1      | Reached XP level 3. HP: 29/29 MP: 3/3
   839 | D:2      | Found a shimmering altar of Xom.
  1157 | D:2      | Found Tef Fac's General Store.
  1425 | D:2      | Found a faded altar of an unknown god.
  1449 | D:2      | Reached skill level 4 in Maces & Flails
  1449 | D:2      | Reached XP level 4. HP: 36/36 MP: 4/4
  1495 | D:2      | HP: 1/36 [poisoned by a goblin]
  2439 | D:3      | Noticed Robin
  2450 | D:3      | Killed Robin
  2853 | D:3      | Reached XP level 5. HP: 41/41 MP: 5/5
  2897 | D:3      | Reached skill level 5 in Maces & Flails
  3108 | D:3      | Found a sparkling altar of Nemelex Xobeh.
  3417 | D:4      | Noticed a black bear
  3764 | D:3      | HP: 1/41 [black bear (6)]
  3765 | D:3      | Killed a black bear
  3766 | D:3      | Reached skill level 5 in Shields
  3766 | D:3      | Reached XP level 6. HP: 1/47 MP: 6/6
  4176 | D:4      | Reached skill level 6 in Maces & Flails
  4404 | D:4      | Found a radiant altar of Vehumet.
  4493 | D:4      | Found an ancient bone altar of Kikubaaqudgha.
  4494 | D:4      | Found a blossoming altar of Fedhas.
  4612 | D:4      | Reached skill level 1 in Throwing
  4744 | D:4      | Reached XP level 7. HP: 52/52 MP: 7/7
  4778 | D:4      | Reached skill level 7 in Maces & Flails
  5426 | D:4      | Found a staircase to the Ecumenical Temple.
  5598 | D:5      | Entered Level 5 of the Dungeon
  5733 | D:5      | Found a runed translucent door.
  5733 | D:5      | Noticed stripedtigrrr's ghost (amateur OpBr)
  5747 | D:5      | Reached skill level 8 in Maces & Flails
  5810 | D:5      | Reached XP level 8. HP: 37/59 MP: 8/8
  6094 | D:5      | Noticed Prince Ribbit
  6110 | D:5      | Killed Prince Ribbit
  6263 | D:5      | Reached skill level 9 in Maces & Flails
  6296 | D:5      | Noticed Menkaure
  6306 | D:5      | Killed Menkaure
  7501 | D:5      | Reached skill level 10 in Maces & Flails
  7715 | D:5      | Reached XP level 9. HP: 59/64 MP: 9/9
  7895 | D:5      | Noticed Ijyb
  7902 | D:5      | Killed Ijyb
  7903 | D:5      | Reached skill level 5 in Throwing
  8061 | D:5      | Killed stripedtigrrr's ghost
  8930 | D:6      | Noticed Grinder
  8951 | D:6      | Reached skill level 11 in Maces & Flails
  8961 | D:6      | Paralysed by Grinder for 6 turns
  8976 | D:6      | Paralysed by Grinder for 6 turns
  8984 | D:6      | Killed Grinder
  9338 | D:6      | Found a stormy altar of Qazlal.
  9338 | D:6      | Noticed a troll
  9338 | D:6      | Noticed a troll
  9339 | D:6      | Found a glowing silver altar of Zin.
  9341 | D:6      | Found a transporter.
  9341 | D:6      | Noticed a skeletal warrior
  9586 | D:6      | Found a transporter.
 10362 | D:6      | Noticed Pikel
 10406 | D:6      | Killed Pikel
 10407 | D:6      | Reached skill level 5 in Fighting
 10407 | D:6      | Reached skill level 12 in Maces & Flails
 10407 | D:6      | Reached XP level 10. HP: 6/74 MP: 10/10
 10763 | D:6      | Found a large runed translucent door.
 10764 | D:6      | Found a large runed translucent door.
 10767 | D:6      | Noticed Fama's ghost (novice MiAK)
 10829 | D:6      | Found a glowing golden altar of the Shining One.
 11148 | Temple   | Entered the Ecumenical Temple
 11599 | D:7      | Found a bloodstained altar of Trog.
 12774 | D:8      | You fall into a shaft and drop 1 floor!
 13189 | D:9      | Reached skill level 13 in Maces & Flails
 13651 | D:9      | Noticed a two-headed ogre
 14671 | D:8      | Identified the +9 spear of Hapikk {flame, Str+2}
 15318 | D:9      | Killed a two-headed ogre
 15319 | D:9      | Reached skill level 14 in Maces & Flails
 15319 | D:9      | Reached XP level 11. HP: 39/86 MP: 11/11
 15543 | D:9      | Found a hazy altar of Hepliaklqana.
 16029 | D:9      | Found a shadowy altar of Dithmenos.
 16191 | D:10     | Entered Level 10 of the Dungeon
 16213 | D:9      | Reached skill level 5 in Armour
 16779 | D:10     | Found a staircase to the Lair.
 16978 | D:10     | Noticed a two-headed ogre
 17175 | D:10     | Killed a two-headed ogre
 18198 | D:10     | Found Voloil's Armour Shoppe.
 18198 | D:10     | Noticed an orc knight
 18233 | D:11     | Slain by a gargoyle

Illustrated notes

Levels and vault maps discovered:
D:1:      nzn_arrival_water_spiral, layout_basic
D:2:      layout_rooms, hellmonk_ecumenical_altar_run_dry, basic_altar,
          serial_shops, shop
D:3:      layout_basic, general_overflow_altar, chequers_serial_rivers_large_a,
          uniq_robin
D:4:      layout_loops_corners, lemuel_tele_altar,
          grunt_temple_overflow_growth_and_decay, minmay_temple_entry_poolview
D:5:      layout_layer_cave, ebering_ghost_reflecting_pool, uniq_menkaure,
          uniq_ijyb, uniq_prince_ribbit1
D:6:      layout_rooms, kennysheep_mini_moat, gammafunk_temple_overflow_arena,
          ebering_ghost_disaster_area, minmay_manual_monstrance, uniq_grinder,
          uniq_pikel
D:7:      layout_loops_ring, trog_hazing_becter, serial_bayou_crossing
D:8:      layout_gridville
D:9:      layout_basic, grunt_dithmenos_smoke, worldfamousw_hep_ancestral_shrine
D:10:     layout_irregular_city, kennysheep_little_box, old_standard_altar,
          erik_lair_island, orc_david_3
D:11:     layout_roguey, lemuel_another_geyser
Temple:   jpeg_temple_alley_garden

Skill      XL: |  1  2  3  4  5  6  7  8  9 10 11 |
---------------+----------------------------------+-----
Maces & Flails | 3 4 5 6 8 10 12 14 | 14.1
Shields        | 4 5 |  5.0
Throwing       | 1 3 4 6 |  6.0
Fighting       | 5 8 |  8.1
Armour         | 7 |  7.8

Action                   |  1- 3 |  4- 6 |  7- 9 | 10-12 || total
-------------------------+-------+-------+-------+-------++-------
Melee: Flail             |   131 |   205 |   317 |   323 ||   976
       Whip              |       |       |       |    33 ||    33
Throw: Dart              |       |       |    36 |    39 ||    75
 Abil: Hop               |       |     1 |     4 |     7 ||    12
Evoke: Wand              |       |       |     8 |     9 ||    17
  Use: Potion            |     2 |       |     4 |     3 ||     9
       Scroll            |       |       |       |     9 ||     9
 Stab: Paralysed         |       |       |     8 |       ||     8
       Distracted        |       |       |     1 |       ||     1
Armor: Scale mail        |    69 |    80 |   123 |    97 ||   369
Dodge: Dodged            |    41 |    66 |   111 |   122 ||   340
Block: Kite shield       |    78 |   107 |   182 |   199 ||   566

Table legend: (Time is in decaauts)
 A = Elapsed time spent in this place.
 B = Non-inter-level travel time spent in this place.
 C = Inter-level travel time spent in this place.
 D = Time resting spent in this place.
 E = Time spent auto-exploring this place.
 F = Levels seen in this place.
 G = Mean time per level.
                   A        B        C        D        E       F      G
               +--------+--------+--------+--------+--------+-----+--------+
         Total |  19602 |  19099 |    503 |   8515 |   8041 |  12 | 1633.5 |
       Dungeon |  19327 |  18867 |    460 |   8515 |   7810 |  11 | 1757.0 |
        Temple |    275 |    233 |     42 |      0 |    231 |   1 |  275.0 |
               +--------+--------+--------+--------+--------+-----+--------+

Top non-repeatable levels by time:
     D:5: 4190 daAuts
     D:9: 3046 daAuts
     D:3: 2097 daAuts
     D:4: 1941 daAuts
     D:6: 1485 daAuts
     D:8: 1443 daAuts
    D:10: 1368 daAuts
     D:7: 1300 daAuts
     D:2: 1288 daAuts
     D:1: 1148 daAuts
  Temple: 275 daAuts
    D:11: 16 daAuts
